 Dungeon Crawl Stone Soup version 0.26-a0-466-g989023bd0d (webtiles) character file.

Game seed: 8095981133710542464

126 vurker the Chiller (level 5, -18/34 HPs)
             Began as an Octopode Ice Elementalist on Aug 9, 2020.
             Demolished by a two-headed ogre
             ... wielding a +4 dire flail
              (28 damage)
             ... on level 3 of the Dungeon.
             The game lasted 00:03:08 (3094 turns).

vurker the Chiller (Octopode Ice Elementalist)      Turns: 3094, Time: 00:03:09

Health: -18/34     AC:  1    Str:  7    XL:     5   Next: 9%
Magic:  0/9        EV: 13    Int: 19    God:
Gold:   124        SH:  0    Dex: 12    Spells: 2/10 levels left

rFire    . . .     SeeInvis .   c - +0 short sword
rCold    . . .     Faith    .   (no shield)
rNeg     . . .     Spirit   .   (helmet restricted)
rPois    .         Reflect  .   i - amulet of the acrobat
rElec    .         Harm     .   (no ring)
rCorr    .                      (no ring)
MR       .....                  (no ring)
Stlth    +++.......             (no ring)
HPRegen  0.11/turn              (no ring)
MPRegen  0.11/turn              (no ring)
                                (no ring)
                                (no ring)

@: frozen ramparts
A: almost no armour, stealthy swim, amphibious, 8 rings, constrict 8, camouflage
1, gelatinous body 1
a: no special abilities


You were on level 3 of the Dungeon.
You visited 1 branch of the dungeon, and saw 3 of its levels.

You collected 124 gold pieces.

Inventory:

Hand Weapons
 c - a +0 short sword (weapon)
   (You took it off a kobold on level 1 of the Dungeon)
Jewellery
 i - an amulet of the acrobat (around mantle)
   (You found it on level 1 of the Dungeon)
Scrolls
 a - 2 scrolls of enchant armour {unknown}
 d - 3 scrolls of teleportation {unknown}
 e - 4 scrolls of immolation {unknown}
 j - 3 scrolls of identify {unknown}
 l - a scroll of blinking {unknown}
 m - 2 scrolls of remove curse {unknown}
 n - a scroll of fog {unknown}
Potions
 b - a potion of might {unknown}
 f - a potion of berserk rage {unknown}
 g - a potion of haste {unknown}
 h - a potion of curing {unknown}
 k - a potion of stabbing {unknown}


   Skills:
 + Level 1.6 Fighting
 - Level 2.0 Dodging
 - Level 2.6 Stealth
 * Level 3.2 Spellcasting
 * Level 0.8 Conjurations
 * Level 4.9 Ice Magic


You had 2 spell levels left.
You knew the following spells:

 Your Spells              Type           Power        Failure   Level
a - Freeze                Ice            ###.         1%          1
b - Frozen Ramparts       Ice            ###...       6%          3
c - Hailstorm             Conj/Ice       ##......     41%         4

Your spell library contained the following spells:

 Spells                   Type           Power        Failure   Level
 Ozocubu's Armour         Ice            ###.....     6%          3
 Summon Ice Beast         Ice/Summ       ##......     47%         4


Dungeon Overview and Level Annotations

Branches:
Dungeon (3/15)

Altars:
Zin


Innate Abilities, Weirdness & Mutations

You cannot wear most types of armour.
You are very stealthy in the water. (Stealth+)
You are amphibious.
You can wear up to eight rings at the same time.
You can use your tentacles to constrict eight enemies at once.
Your skin changes colour to match your surroundings (Stealth+).
Your rubbery body absorbs attacks. (AC +1, EV +1)


Message History

The wall freezes the worker ant zombie but do no damage.
The wall freezes the two-headed ogre.
The worker ant zombie resists.
The wall freezes the worker ant zombie.
The worker ant zombie completely resists.
The wall freezes the worker ant zombie but do no damage.
The worker ant zombie resists.
The wall freezes the worker ant zombie.
The wall freezes the two-headed ogre.
The worker ant zombie completely resists.
The wall freezes the worker ant zombie but do no damage.
The wall freezes the two-headed ogre.
The frozen ramparts melt away.
The worker ant zombie barely misses you.
You hit the worker ant zombie. Your grab misses the worker ant zombie.
The worker ant zombie closely misses you.
You see here a dagger.
You don't have enough magic to cast that spell.
The walls around you are covered in ice.
The wall freezes the two-headed ogre.
The wall freezes the two-headed ogre.
The worker ant zombie completely resists.
The wall freezes the worker ant zombie but do no damage.
The wall freezes the two-headed ogre.
The worker ant zombie resists.
The wall freezes the worker ant zombie.
The wall freezes the two-headed ogre.
The worker ant zombie completely resists.
The wall freezes the worker ant zombie but do no damage.
The wall freezes the two-headed ogre.
You don't have enough magic to cast that spell.
You don't have enough magic to cast that spell.
You completely miss the two-headed ogre.
The worker ant zombie completely resists.
The wall freezes the worker ant zombie but do no damage.
The wall freezes the two-headed ogre.
The two-headed ogre hits you with a +4 dire flail!!
Ouch! That really hurt!
* * * LOW HITPOINT WARNING * * *
The two-headed ogre misses you.
The worker ant zombie completely resists.
The wall freezes the worker ant zombie but do no damage.
The wall freezes the two-headed ogre.
Your magical contamination has completely faded away.
The worker ant zombie resists.
The wall freezes the worker ant zombie.
The frozen ramparts melt away.
You see here a +0 flail.
The worker ant zombie waves its antennae.
The walls around you are covered in ice.
The wall freezes the two-headed ogre.
The two-headed ogre closely misses you.
The two-headed ogre hits you with a cursed +0 giant club!!
Ouch! That really hurt!
You die...

### ..###############
# #.#...@O.Z......#
#. #†#.###########.#
##.#######.#.# #.#
#..........#.#####
#.#
.#..#.............#
#Z#
....................#
#.#
##..##.†##..###.#.#.#
#.# #####..##.)#
#.#.#.#####.#
#=.......#
#.#.#.##.##.###


You could see a two-headed ogre and a worker ant zombie.

Vanquished Creatures
  A worker ant (D:2)
  3 adders
  An ooze (D:2)
  3 dart slugs
  4 leopard geckos
  An orc (D:3)
  5 bats
  3 giant cockroaches
  3 goblins (D:1)
  11 hobgoblins
  2 quokkas
  3 frilled lizards
  11 kobolds
  6 rats
57 creatures vanquished.

Notes
Turn   | Place    | Note
-------+----------+-------------------------------------------
     0 | D:1      | vurker the Octopode Ice Elementalist began the quest for
                  | the Orb.
     0 | D:1      | Reached XP level 1. HP: 11/11 MP: 3/3
   439 | D:1      | Reached XP level 2. HP: 18/18 MP: 5/5
  1154 | D:1      | Reached XP level 3. HP: 22/22 MP: 6/6
  1161 | D:1      | Reached skill level 1 in Fighting
  1166 | D:1      | Learned a level 3 spell: Frozen Ramparts
  1899 | D:2      | Found a glowing silver altar of Zin.
  1922 | D:2      | Reached XP level 4. HP: 27/28 MP: 4/8
  2088 | D:2      | Learned a level 4 spell: Hailstorm
  2880 | D:3      | Reached XP level 5. HP: 26/33 MP: 5/9
  3034 | D:3      | Noticed a two-headed ogre
  3094 | D:3      | Demolished by a two-headed ogre

Illustrated notes

Levels and vault maps discovered:
D:1:      lightli_arrival_lavapool, layout_basic
D:2:      layout_basic, zin_scriptorium, serial_bayou_lake_a
D:3:      minmay_diamond_boxcup, layout_loops_ring,
          nicolae_overflow_hidden_temple, uniq_natasha

Skill      XL: |  1  2  3  4 |
---------------+-------------+-----
Fighting       | 1 |  1.6
Spellcasting   | 3 |  3.2
Dodging        | |  2.0
Stealth        | |  2.6
Conjurations   | |  0.8
Ice Magic      | |  4.9

Action                   |  1- 3 |  4- 6 || total
-------------------------+-------+-------++-------
Melee: Unarmed           |    11 |       ||    11
       Constrict         |    16 |     6 ||    22
       Tentacles         |     8 |     2 ||    10
       Short sword       |    35 |    36 ||    71
 Cast: Freeze            |    16 |     9 ||    25
       Frozen Ramparts   |       |     7 ||     7
 Stab: Sleeping          |     8 |     7 ||    15
Armor: Skin              |     4 |     2 ||     6
Dodge: Dodged            |    45 |    23 ||    68

Table legend: (Time is in decaauts)
 A = Elapsed time spent in this place.
 B = Non-inter-level travel time spent in this place.
 C = Inter-level travel time spent in this place.
 D = Time resting spent in this place.
 E = Time spent auto-exploring this place.
 F = Levels seen in this place.
 G = Mean time per level.
                   A        B        C        D        E       F      G
               +--------+--------+--------+--------+--------+-----+--------+
         Total |   3100 |   3020 |     80 |      0 |   2600 |   3 | 1033.3 |
       Dungeon |   3100 |   3020 |     80 |      0 |   2600 |   3 | 1033.3 |
               +--------+--------+--------+--------+--------+-----+--------+

Top non-repeatable levels by time:
     D:1: 1854 daAuts
     D:2: 885 daAuts
     D:3: 359 daAuts
